 Dungeon Crawl Stone Soup version 0.29.1-13-g9f3cf754e1 (webtiles) character file.

Game seed: 13141980138800084770

1143 theswoord the Chiller (level 8, -2/66 HPs)
             Began as a Naga Ice Elementalist on Feb 4, 2023.
             Was an Initiate of Cheibriados.
             Slain by a water moccasin (7 damage)
             ... on level 6 of the Dungeon.
             The game lasted 00:10:32 (6269 turns).

theswoord the Chiller (Naga Ice Elementalist)       Turns: 6269, Time: 00:10:32

Health: -2/66      AC: -11   Str: 12    XL:     8   Next: 37%
Magic:  17/17      EV: 10    Int: 19    God:    Cheibriados [......]
Gold:   188        SH:  0    Dex: 12    Spells: 7/19 levels left

rFire   . . .      SeeInvis +   p - +1 whip (venom)
rCold   . . .      Faith    .   (no shield)
rNeg    . . .      Spirit   .   a - +0 robe
rPois   +          Reflect  .   i - +0 helmet
rElec   .          Harm     .   (no cloak)
rCorr   .          Rampage  .   (no gloves)
Will    +....                   (no barding)
Stlth   ++........              (no amulet)
HPRegen 0.21/turn               n - ring of fire
MPRegen 0.15/turn               j - ring of ice

@: corroded, very slow
A: AC +2, large, see invisible, deformed body, poison resistance, slowness 2,
spit poison 1, naga tail 1
a: Spit Poison, Renounce Religion


You were on level 6 of the Dungeon.
You worshipped Cheibriados.
Cheibriados was noncommittal.
You visited 2 branches of the dungeon, and saw 7 of its levels.

You collected 188 gold pieces.

Inventory:

Hand Weapons
 g - a +0 club
 o - a +0 spear
 p - a +1 whip of venom (weapon)
Armour
 a - a +0 robe (worn)
 i - a +0 helmet (worn)
Jewellery
 c - a ring of resist corrosion
 j - a ring of ice (right hand)
 n - a ring of fire (left hand)
 q - a ring of protection from fire
Wands
 m - a wand of charming (5)
Scrolls
 e - a scroll of immolation
 h - 4 scrolls of teleportation
 v - a scroll of magic mapping {unknown}
Potions
 b - a potion of magic
 d - a potion of haste
 f - 3 potions of flight
 k - 2 potions of curing
 l - a potion of attraction
 r - a potion of berserk rage
 s - a potion of resistance
 t - a potion of mutation
 u - a potion of brilliance {unknown}


   Skills:
 + Level 1.7 Fighting
 - Level 1.5 Dodging
 - Level 3.0 Stealth
 + Level 6.2 Spellcasting
 + Level 7.6 Ice Magic
 + Level 1.9 Invocations


You had 7 spell levels left.
You knew the following spells:

 Your Spells              Type           Power      Damage    Failure   Level
a - Freeze                Ice            100%       1d11      1%          1
b - Frozen Ramparts       Ice            100%       1d16      1%          3
c - Ozocubu's Armour      Ice            51%        N/A       1%          3
d - Hailstorm             Conj/Ice       30%        3d8       22%         4
e - Beastly Appendage     Tmut           10%        N/A       11%         1

Your spell library contained the following spells:

 Spells                   Type           Power      Damage    Failure   Level
 Magic Dart               Conj           20%        1d4       11%         1
 Call Imp                 Summ           5%         N/A       17%         2
 Wereblood                Tmut           5%         N/A       17%         2
 Mephitic Cloud           Conj/Pois/Air  5%         N/A       32%         3
 Spider Form              Tmut/Pois      5%         N/A       32%         3


Dungeon Overview and Level Annotations

Branches:
Dungeon (6/15)             Temple (1/1) D:6

Altars:
Cheibriados
Fedhas
Makhleb
Okawaru
Qazlal
Ru
Trog
Vehumet
Yredelemnul
Zin


Innate Abilities, Weirdness & Mutations

Your serpentine skin is tough. (AC +2)
You have supernaturally acute eyesight. (SInv)
Armour fits poorly on your strangely shaped body.
Your system is resistant to poisons. (rPois)
You cover ground very slowly.
You can spit poison.
You have a snake-like lower body.


Message History

You destroy the mummy!
Cheibriados thoroughly appreciates the change of pace.
No target in view!
No target in view!
e - a scroll of immolation
k - 2 potions of curing (gained 1)
A jelly comes into view.
A jelly is nearby!
A jelly is nearby!
A jelly is nearby!
A water moccasin comes into view.
The water moccasin hisses angrily.
The jelly quivers.
The jelly hits you but does no damage. The jelly hits you.
The acid corrodes you!
You are splashed with acid!
You hit the jelly.
The jelly is poisoned.
Your hands burn!
The jelly is moderately wounded.
The jelly hits you.
You are splashed with acid!
You hit the jelly but do no damage.
The jelly looks as sick as possible!
The acid corrodes you!
Your hands burn!
The jelly is heavily wounded.
The jelly hits you. The acid corrodes you!
You are splashed with acid!
The water moccasin bites you.
* * * LOW HITPOINT WARNING * * *
You hit the jelly but do no damage. The acid corrodes you!
Your hands burn!
* * * LOW HITPOINT WARNING * * *
The jelly is heavily wounded.
The water moccasin bites you.
* * * LOW HITPOINT WARNING * * *
The jelly closely misses you. The jelly attacks as you move away!
The jelly hits you.
* * * LOW HITPOINT WARNING * * *
The acid corrodes you!
You are splashed with acid!
* * * LOW HITPOINT WARNING * * *
You kill the jelly!
Cheibriados thoroughly appreciates the change of pace.
The water moccasin bites you!
* * * LOW HITPOINT WARNING * * *
The water moccasin bites you!
You die...

#.##>.#....#.
#.###.#....#. ..
#.....#.####. #.
#.....#....# ..
#.....######. .#
#............ ##.#
#..........##
...######............
#.#@..##.....#######
#.S##....#####
#....######.########
#..#.## #......... #
# ##########


You could see a water moccasin.

Vanquished Creatures
  3 black bears
  An ice beast (D:6)
  An ogre (D:6)
  2 phantoms
  A kobold brigand (D:6)
  6 hounds
  2 orc priests
  A gnoll bouda (D:6)
  A jelly (D:6)
  2 orc wizards
  A mummy (D:6)
  6 gnolls (D:6)
  An adder (D:4)
  A shadow imp (D:6)
  An ufetubus (D:5)
  A worm (D:4)
  2 dart slugs
  12 orcs
  5 ball pythons
  5 endoplasms
  2 giant cockroaches
  4 goblins (D:1)
  3 hobgoblins
  9 kobolds
  4 quokkas (D:2)
  3 bats (D:1)
  A frilled lizard (D:2)
  A hobgoblin zombie (D:6)
  3 kobold zombies (D:6)
  2 rats
87 creatures vanquished.

Notes
Turn   | Place    | Note
-------+----------+-------------------------------------------
     0 | D:1      | theswoord the Naga Ice Elementalist began the quest for the
                  | Orb.
     0 | D:1      | Reached XP level 1. HP: 15/15 MP: 3/3
   473 | D:1      | Reached XP level 2. HP: 15/22 MP: 1/5
   595 | D:1      | Found a faded altar of an unknown god.
  1498 | D:2      | Reached XP level 3. HP: 26/28 MP: 4/6
  1950 | D:2      | Learned a level 3 spell: Frozen Ramparts
  1954 | D:2      | Learned a level 3 spell: Ozocubu's Armour
  2924 | D:3      | Reached XP level 4. HP: 32/36 MP: 4/8
  2930 | D:3      | Reached skill level 5 in Ice Magic
  3197 | D:3      | You fall into a shaft and drop 1 floor!
  3197 | D:4      | Found a stormy altar of Qazlal.
  3250 | D:4      | Noticed a phantom
  3255 | D:4      | Reached XP level 5. HP: 19/42 MP: 0/10
  3265 | D:4      | Killed a phantom
  3686 | D:4      | Reached XP level 6. HP: 45/49 MP: 9/12
  3691 | D:4      | Learned a level 4 spell: Hailstorm
  3858 | D:4      | Noticed a black bear
  3869 | D:4      | Killed a black bear
  3870 | D:4      | Reached skill level 6 in Ice Magic
  4130 | D:5      | Entered Level 5 of the Dungeon
  4212 | D:5      | Noticed a black bear
  4223 | D:5      | Reached XP level 7. HP: 44/55 MP: 8/14
  4229 | D:5      | Reached skill level 5 in Spellcasting
  5004 | D:5      | Reached skill level 7 in Ice Magic
  5526 | D:6      | Reached XP level 8. HP: 51/62 MP: 10/16
  5646 | D:6      | Found a staircase to the Ecumenical Temple.
  5662 | Temple   | Entered the Ecumenical Temple
  5673 | Temple   | Became a worshipper of Cheibriados the Contemplative
  5684 | Temple   | Learned a level 1 spell: Beastly Appendage
  5698 | D:6      | Reached skill level 1 in Fighting
  5698 | D:6      | Reached skill level 1 in Invocations
  6269 | D:6      | Slain by a water moccasin

Skill      XL: |  1  2  3  4  5  6  7  8 |
---------------+-------------------------+-----
Spellcasting   | 3 4 5 6 |  6.2
Ice Magic      | 5 6 7 |  7.6
Fighting       | 1 |  1.7
Invocations    | 1 |  1.9
Dodging        | |  1.5
Stealth        | |  3.0

Action                   |  1- 3 |  4- 6 |  7- 9 || total
-------------------------+-------+-------+-------++-------
Melee: Club              |    35 |       |       ||    35
       Unarmed           |     4 |       |       ||     4
       Punch             |     1 |       |     2 ||     3
       Spear             |       |    55 |    50 ||   105
       Whip              |       |       |    39 ||    39
       Headbutt          |       |       |     1 ||     1
 Cast: Freeze            |    36 |    10 |    11 ||    57
       Frozen Ramparts   |     1 |     5 |     7 ||    13
       Ozocubu's Armour  |       |     2 |     5 ||     7
       Beastly Appendage |       |       |     1 ||     1
 Abil: Spit Poison       |       |       |     2 ||     2
  Use: Scroll            |     6 |     3 |     3 ||    12
       Potion            |       |     2 |     2 ||     4
 Stab: Sleeping          |     4 |     1 |     1 ||     6
Armor: Robe              |    19 |    30 |    52 ||   101
Dodge: Dodged            |    33 |    47 |    50 ||   130

Levels and vault maps discovered:
D:1:      eino_arrival_cavern_e, layout_loops_ring,
          shapermc_ecumenical_altar_flowoftime,
          hangedman_abyss_or_decor_lesser_grid
D:2:      layout_rooms, serial_corexii_hall, corexii_hall_statues_t,
          corexii_hall_statues_x, chequers_hall_statues_wall_a,
          chequers_hall_statues_wall_a, grunt_decor_arrowhead
D:3:      layout_basic
D:4:      layout_rooms, grunt_qazlal_sundering
D:5:      cheibrodos_helix_gallery, layout_basic, grunt_ministairs_12
D:6:      layout_basic, minmay_temple_entry_large_hall, serial_glass,
          glass_columns_b, glass_columns_b, corexii_corridor_pit,
          nicolae_eternal_life, minmay_mini_ossuary
Temple:   hellmonk_temple_of_storms
